 Dungeon Crawl Stone Soup version 0.31-a0-927-g95c4c6a (webtiles) character file.

Game seed: 15962536705629353036

18317 Meow the Fighter (level 12, -1/122 HPs)
             Began as a Naga Conjurer on Oct 18, 2023.
             Was an Initiate of Gozag.
             Slain by a seven-headed hydra (10 damage)
             ... on level 2 of the Lair of Beasts.
             The game lasted 00:46:32 (16670 turns).

Meow the Fighter (Naga Conjurer)                   Turns: 16670, Time: 00:46:33

Health: -1/122     AC: 10    Str:  9    XL:     12   Next: 57%
Magic:  7/28       EV:  9    Int: 24    God:    Gozag
Gold:   840        SH:  0    Dex: 10    Spells: 21/35 levels left

rFire   . . .        h - +0 demon whip (venom)
rCold   . . .        (no shield)
rNeg    + . .        d - +0 robe
rPois   +            x - +1 hat
rElec   .            K - +2 cloak
rCorr   +            q - +0 pair of gloves
SInv    +            (no barding)
Will    +....        (no amulet)
Stlth   +            e - ring of resist corrosion
HPRegen 0.40/turn    r - ring of positive energy
MPRegen 0.21/turn

%: no passive effects
@: confused, ambrosia-drunk, very slightly contaminated, very slow
A: AC +4, large, see invisible, deformed body, poison resistance, slowness 2,
spit poison 1, naga tail 1
a: Spit Poison, Renounce Religion, Potion Petition, Call Merchant, Bribe Branch


You were on level 2 of the Lair of Beasts.
You worshipped Gozag.
Gozag was pleased with you.
You visited 4 branches of the dungeon, and saw 13 of its levels.

You collected 2301 gold pieces.
You spent 84 gold pieces at shops.
You paid 1377 gold pieces to Gozag.

Inventory:

Hand Weapons
 a - a +0 sling of draining
 b - a +0 rapier
 h - a +0 demon whip of venom (weapon)
 o - a +0 hammer
Missiles
 i - 88 stones
 J - 4 poisoned darts
Armour
 d - a +0 robe (worn)
 q - a +0 pair of gloves (worn)
 x - a +1 hat (worn)
 E - a scarf of resistance
 K - a +2 cloak (worn)
Jewellery
 e - a ring of resist corrosion (left hand)
 r - a ring of positive energy (right hand)
 G - an amulet of magic regeneration
Wands
 B - a wand of polymorph (11)
 D - a wand of flame (12)
Scrolls
 c - 2 scrolls of summoning
 g - 3 scrolls of revelation
 k - a scroll of brand weapon
 t - 2 scrolls of blinking {unknown}
 u - 4 scrolls of immolation
 y - a scroll of poison {unknown}
 F - 2 scrolls of amnesia {unknown}
 I - a scroll of vulnerability {unknown}
Potions
 j - 2 potions of brilliance {unknown}
 l - 3 potions of attraction
 m - a potion of magic
 n - 2 potions of berserk rage
 p - a potion of lignification
 s - 2 potions of might {unknown}
 w - a potion of curing
 z - a potion of haste {unknown}
 A - a potion of resistance {unknown}
 H - 2 potions of mutation {unknown}


   Skills:
 + Level 12.3 Fighting
 - Level 1.5 Dodging
 - Level 8.0 Stealth
 - Level 12.0 Spellcasting
 - Level 10.0 Conjurations


You had 21 spell levels left.
You knew the following spells:

 Your Spells              Type           Power      Damage    Failure   Level
a - Magic Dart            Conj           100%       1d8       1%          1
b - Searing Ray           Conj           100%       2d8       1%          2
c - Mephitic Cloud        Conj/Pois/Air  30%        N/A       3%          3
f - Fulminant Prism       Conj/Hex       19%        3d10      5%          4
B - Iskenderun's Mystic   Conj/Tloc      38%        2d9       5%          4

Your spell library contained the following spells:

 Spells                   Type           Power      Damage    Failure   Level
 Dazzling Flash           Conj/Hex       76%        N/A       1%          3
 Poisonous Vapours        Pois/Air       28%        N/A       6%          2
 Freezing Cloud           Conj/Ice/Air   15%        6-21      30%         5
 Summon Lightning Spire   Summ/Air       14%        N/A       38%         4
 Conjure Ball Lightning   Conj/Air       19%        3x3d6     63%         6
 Malign Gateway           Summ/Tloc      7%         N/A       100%        7
 Summon Horrible Things   Summ           7%         N/A       100%        8


Dungeon Overview and Level Annotations

Branches:
Dungeon (9/15)             Temple (1/1) D:6            Lair (2/5) D:8
  Swamp (0/4) Lair:2          Orc (1/2) D:9
  Snake: Lair:2-3    Spider: Lair:2-3

Altars:
Ashenzari
Cheibriados
Dithmenos
Elyvilon
Fedhas
Gozag
Hepliaklqana
Kikubaaqudgha
Makhleb
Nemelex Xobeh
Okawaru
Qazlal
Ru
Sif Muna
Trog
Uskayaw
Vehumet
Wu Jian
Xom
Zin
The Shining One
Lugonu

Shops:
D:6 :   Lair:1 *[

Annotations:
D:3 1 runed translucent door, Crazy Yiuf
D:5 2 transporters, cnlflgl's ghost, amateur TrGl
Lair:2 exclusion: oklob plant


Innate Abilities, Weirdness & Mutations

Your serpentine skin is tough. (AC +4)
You have supernaturally acute eyesight. (SInv)
Armour fits poorly on your strangely shaped body.
Your system is resistant to poisons. (rPois)
You cover ground very slowly.
You can spit poison.
You have a snake-like lower body.


Message History

The seven-headed hydra barely misses you.
The seven-headed hydra bites you! The seven-headed hydra bites you.
The seven-headed hydra bites you but does no damage.
The seven-headed hydra bites you.
The searing ray hits the seven-headed hydra!
The seven-headed hydra is almost dead.
You finish channelling your searing ray.
The seven-headed hydra bites you. x2
The seven-headed hydra closely misses you.
The seven-headed hydra bites you. x4
Unknown command.
Unknown command.
Casting: Searing Ray (safe; 1% risk of failure)
Confirm with . or Enter, or press ? or * to list all spells.
Aiming: Fulminant Prism (mildly dangerous; 5% risk of failure)
Press: ? - help, Dir - move target, p - seven-headed hydra You conjure a prism of explosive energy!
A fulminant prism comes into view.
The seven-headed hydra bites you!
* * * LOW HITPOINT WARNING * * *
The seven-headed hydra bites you.
* * * LOW HITPOINT WARNING * * *
The seven-headed hydra barely misses you. x2
The seven-headed hydra bites you.
* * * LOW HITPOINT WARNING * * *
The seven-headed hydra bites you but does no damage.
The seven-headed hydra closely misses you.
Unknown command.
You are confused.
You feel invigorated. The seven-headed hydra bites you!
* * * LOW HITPOINT WARNING * * *
The seven-headed hydra bites you!
* * * LOW HITPOINT WARNING * * *
The seven-headed hydra barely misses you.
The seven-headed hydra bites you.
* * * LOW HITPOINT WARNING * * *
The seven-headed hydra closely misses you.
The seven-headed hydra bites you!
You die...
Your body crumbles into a pile of gold.

###############################
#..............................
##.......#.#..#.><>.............
#.......######..................
##......# ###.................
#.......#####.#.................
##..............................
##############...........####.#
##. #@D........## ###
##...#..........#
#.....)..*......##
#...#.............# ..
##...........## ####
##.##...###..###.#. #.##.###
#........ #.#### #[###.##. #.#
#... ###..


You could see a seven-headed hydra (ally target) and a friendly fulminant prism.

Vanquished Creatures
  Amaemon (D:8)
  A skyshark (Lair:2)
  Maurice (D:9)
  2 black mambas
  An orange demon (D:8)
  4 torpor snails (Lair:2)
  4 cane toads (Lair:1)
  Jeremiah (D:7)
  6 komodo dragons
  4 polar bears
  Prince Ribbit (D:7)
  8 blink frogs
  A wraith (D:5)
  21 yaks
  A steam dragon (D:8)
  6 vampire mosquitoes (Lair:2)
  A naga (Lair:2)
  8 orc warriors
  6 water moccasins
  An ice beast (D:6)
  2 black bears (D:6)
  2 sky beasts
  3 centaurs
  2 ogres
  3 phantoms
  2 kobold brigands
  2 gnoll sergeants
  6 bullfrogs
  A necrophage (D:5)
  A water moccasin zombie (D:5)
  A scorpion (D:6)
  10 wights
  5 killer bees (D:9)
  5 howler monkeys
  2 jellies
  A human zombie (D:5)
  6 orc priests
  2 hounds
  2 sleepcaps (D:6)
  2 iguanas
  10 orc wizards
  6 hell rats
  A killer bee zombie (D:5)
  A mummy (D:5)
  A howler monkey zombie (D:5)
  3 adders
  4 gnolls (D:9)
  2 shadow imps
  A white imp (D:6)
  A worm (D:4)
  3 dart slugs
  46 orcs
  4 endoplasms
  3 giant cockroaches
  4 goblins
  8 hobgoblins
  2 quokkas
  6 ball pythons
  5 bats
  5 frilled lizards
  19 kobolds
  5 rats
279 creatures vanquished.

Vanquished Creatures (others)
  72 fulminant prisms
72 creatures vanquished.

Grand Total: 351 creatures vanquished

Notes
Turn   | Place    | Note
-------+----------+-------------------------------------------
     0 | D:1      | Meow the Naga Conjurer began the quest for the Orb.
     0 | D:1      | Reached XP level 1. HP: 15/15 MP: 3/3
   248 | D:1      | Reached XP level 2. HP: 22/22 MP: 3/5
   251 | D:1      | Learned a level 2 spell: Searing Ray
   856 | D:1      | Reached XP level 3. HP: 28/28 MP: 3/6
  1782 | D:3      | Identified the "Veila"
  1964 | D:3      | Found a shimmering altar of Xom.
  2146 | D:3      | Found a faded altar of an unknown god.
  2563 | D:3      | Found a runed translucent door.
  2564 | D:3      | Noticed Crazy Yiuf
  2760 | D:4      | Reached XP level 4. HP: 36/36 MP: 3/8
  2822 | D:4      | Reached skill level 5 in Stealth
  3102 | D:4      | Reached XP level 5. HP: 42/42 MP: 7/9
  3711 | D:5      | Entered Level 5 of the Dungeon
  3711 | D:5      | Noticed an ogre
  3933 | D:5      | Found a transporter.
  3938 | D:5      | Found a transporter.
  3939 | D:5      | Noticed cnlflgl's ghost (amateur TrGl)
  3978 | D:5      | Reached skill level 5 in Conjurations
  4058 | D:5      | Noticed a wraith
  4066 | D:5      | Noticed an orc warrior
  4117 | D:5      | Killed an ogre
  4118 | D:5      | Reached XP level 6. HP: 49/49 MP: 4/11
  4474 | D:6      | Found a hide-covered altar of Uskayaw.
  4520 | D:6      | Found a hazy altar of Hepliaklqana.
  4551 | D:6      | Noticed a black bear
  4579 | D:6      | Killed a black bear
  4580 | D:6      | Reached XP level 7. HP: 55/55 MP: 10/13
  4835 | D:6      | Found a staircase to the Ecumenical Temple.
  4845 | Temple   | Entered the Ecumenical Temple
  4859 | Temple   | Became a worshipper of Gozag Ym Sagoz the Greedy
  5196 | D:6      | Reached skill level 5 in Spellcasting
  5196 | D:6      | Reached XP level 8. HP: 44/62 MP: 2/15
  5280 | D:6      | Found Siugh's Self-Published Books.
  5462 | D:6      | Found a glowing silver altar of Zin.
  5470 | D:6      | Found a snail-covered altar of Cheibriados.
  5471 | D:6      | Found an iron altar of Okawaru.
  5471 | D:6      | Found a broken altar of Ashenzari.
  5475 | D:6      | Found a glowing golden altar of the Shining One.
  5478 | D:6      | Found a bloodstained altar of Trog.
  5614 | D:7      | Learned a level 4 spell: Fulminant Prism
  6041 | D:7      | Noticed Jeremiah
  6215 | D:5      | Killed a wraith
  6338 | D:5      | Reached XP level 9. HP: 68/68 MP: 12/18
  6805 | D:5      | Found a sacrificial altar of Ru.
  7094 | D:5      | Learned a level 4 spell: Iskenderun's Mystic Blast
  7201 | D:5      | Found an ancient bone altar of Kikubaaqudgha.
  7528 | D:7      | Noticed Prince Ribbit
  7533 | D:7      | Killed Prince Ribbit
  7851 | D:7      | Killed Jeremiah
  7899 | D:7      | Reached skill level 10 in Conjurations
  7911 | D:7      | Reached skill level 1 in Fighting
  8174 | D:8      | Noticed a komodo dragon
  8187 | D:8      | Killed a komodo dragon
  8188 | D:8      | Reached XP level 10. HP: 65/86 MP: 6/22
  8306 | D:8      | Reached skill level 5 in Fighting
  8536 | D:8      | Noticed Amaemon
  8536 | D:8      | Noticed an orange demon
  8544 | D:8      | Killed an orange demon
  8752 | D:8      | Killed Amaemon
  9405 | D:8      | Found a staircase to the Lair.
  9621 | D:15     | Identified the "Iliraxip"
  9621 | Lair:1   | Entered Level 1 of the Lair of Beasts
  9632 | Lair:1   | Bought a scroll of teleportation for 84 gold pieces
  9652 | Lair:1   | Noticed a black mamba
  9656 | Lair:1   | Killed a black mamba
 10077 | Lair:1   | Noticed a cane toad
 10081 | Lair:1   | Killed a cane toad
 10082 | Lair:1   | Reached XP level 11. HP: 93/108 MP: 12/23
 10188 | Lair:1   | Reached skill level 10 in Fighting
 13179 | Lair:2   | Noticed an oklob plant
 13368 | Lair:2   | Reached skill level 10 in Spellcasting
 13368 | Lair:2   | Reached XP level 12. HP: 84/122 MP: 2/26
 14170 | Lair:2   | Noticed a skyshark
 14298 | D:9      | Learned a level 3 spell: Mephitic Cloud
 14441 | D:9      | Noticed Maurice
 14480 | D:9      | Maurice stole a +0 sling of draining
 14481 | D:9      | Killed Maurice
 14619 | D:9      | Found a radiant altar of Vehumet.
 15183 | D:9      | Found a staircase to the Orcish Mines.
 15194 | Orc:1    | Entered Level 1 of the Orcish Mines
 15451 | Orc:1    | Noticed an ettin
 15920 | Lair:2   | Found a staircase to the Swamp.
 15940 | Lair:2   | Identified the +4 broad axe "Zeeq" {distort, Str+2}
 16144 | Lair:2   | Noticed a seven-headed hydra
 16380 | Lair:2   | Killed a skyshark
 16670 | Lair:2   | Slain by a seven-headed hydra

Illustrated notes

Levels and vault maps discovered:
D:1:      heliophobic_arrival_enchanted_forest, layout_basic, feat_on_display
D:2:      layout_loops_ring
D:3:      layout_basic, lemuel_round_altar, hellmonk_ecumenical_altar_blasted,
          st_stairs_4, minmay_misc_feat_square, uniq_crazy_yiuf_cottage
D:4:      layout_cave_pods, minmay_bisected
D:5:      layout_cave_pools, nicolae_ru_the_path_less_chosen,
          lemuel_mausoleum_altar_kikubaaqudgha, gammafunk_ghost_hive,
          guppyfry_early_orc_mine
D:6:      layout_basic, general_overflow_altar, minitemple,
          nzn_hepliaklqana_mist_gate, minmay_temple_entry_glass,
          chequers_serial_rivers_micro_b, nicolae_custom_books,
          nicolae_lava_and_water
D:7:      layout_basic, minivault_22, kennysheep_pointless_box,
          uniq_prince_ribbit1, uniq_jeremiah
D:8:      layout_basic, lair_entry_dummy, minmay_bent, uniq_amaemon
D:9:      layout_roguey, nicolae_vehumet_radiance, david_orc_4, uniq_maurice
Temple:   corrupted_temple
Lair:1:   layout_roguey
Lair:2:   layout_small_grid, minmay_swamp_entry_swarm,
          nicolae_snake_entry_squirm, kennysheep_snail_temple
Orc:1:    layout_caves, bloody_makhleb

Skill      XL: |  1  2  3  4  5  6  7  8  9 10 11 12 |
---------------+-------------------------------------+-----
Stealth        | 4 5 6 7 8 |  8.0
Spellcasting   | 3 4 5 6 8 10 12 | 12.0
Conjurations   | 5 6 8 10 | 10.0
Fighting       | 4 9 12 | 12.3
Dodging        | |  1.5

Action                     |  1- 3 |  4- 6 |  7- 9 | 10-12 || total
---------------------------+-------+-------+-------+-------++-------
  Melee: Demon whip        |       |       |       |    15 ||    15
   Fire: Sling             |       |     1 |       |       ||     1
   Cast: Magic Dart        |    62 |    35 |    32 |    59 ||   188
         Searing Ray       |     1 |    19 |    57 |   144 ||   221
         Fulminant Prism   |       |       |     8 |    65 ||    73
         Iskenderun's Myst |       |       |       |    23 ||    23
         Mephitic Cloud    |       |       |       |     2 ||     2
 Invoke: Call Merchant     |       |       |       |     2 ||     2
Ability: Spit Poison       |    28 |    22 |    25 |    60 ||   135
  Evoke: Wand              |       |       |     2 |    13 ||    15
    Use: Scroll            |     1 |     5 |     3 |     5 ||    14
         Potion            |       |       |       |     6 ||     6
 Armour: Robe              |     7 |    15 |    80 |   382 ||   484
         Skin              |       |       |       |    46 ||    46
  Dodge: Dodged            |     2 |     3 |    40 |   167 ||   212

Table legend: (Time is in decaauts)
 A = Elapsed time spent in this place.
 B = Non-inter-level travel time spent in this place.
 C = Inter-level travel time spent in this place.
 D = Time resting spent in this place.
 E = Time spent auto-exploring this place.
 F = Levels seen in this place.
 G = Mean time per level.
                   A        B        C        D        E       F      G
               +--------+--------+--------+--------+--------+-----+--------+
         Total |  19730 |  18568 |   1162 |   7582 |   8313 |  13 | 1517.7 |
       Dungeon |  13301 |  12590 |    711 |   3999 |   6925 |   9 | 1477.9 |
        Temple |     47 |     32 |     15 |      5 |      2 |   1 |   47.0 |
          Lair |   6337 |   5902 |    435 |   3578 |   1377 |   2 | 3168.5 |
  Orcish Mines |     44 |     44 |      0 |      0 |      7 |   1 |   44.0 |
               +--------+--------+--------+--------+--------+-----+--------+

Top non-repeatable levels by time:
  Lair:1: 3886 daAuts
  Lair:2: 2451 daAuts
     D:5: 2003 daAuts
     D:8: 1957 daAuts
     D:6: 1666 daAuts
     D:9: 1472 daAuts
     D:7: 1370 daAuts
     D:4: 1309 daAuts
     D:3: 1256 daAuts
     D:1: 1203 daAuts
     D:2: 1062 daAuts
  Temple: 47 daAuts
   Orc:1: 44 daAuts
